 Dungeon Crawl Stone Soup version 0.29.0-7-g18a832c13a (webtiles) character file.

Game seed: 11040130681781201400

440 ExZ the Digger (level 7, -3/36 HPs)
             Began as a Gargoyle Earth Elementalist on Aug 30, 2022.
             Was an Initiate of Vehumet.
             Slain by an iguana (8 damage)
             ... on level 5 of the Dungeon.
             The game lasted 00:07:22 (3352 turns).

ExZ the Digger (Gargoyle Earth Elementalist)        Turns: 3352, Time: 00:07:23

Health: -3/36      AC:  6    Str: 12    XL:     7   Next: 2%
Magic:  4/12       EV: 12    Int: 23    God:    Vehumet [......]
Gold:   191        SH:  0    Dex: 14    Spells: 9/13 levels left

rFire   . . .      SeeInvis .   q - +5 mace of Poverty {speed, rN+ Dex+4}
rCold   . . .      Faith    .   (no shield)
rNeg    + + +      Spirit   .   a - +0 robe
rPois   ∞          Reflect  .   (no helmet)
rElec   +          Harm     .   (no cloak)
rCorr   .          Rampage  .   (no gloves)
Will    .....                   (no boots)
Stlth   +++.......              (no amulet)
HPRegen 0.12/turn               g - +6 ring of intelligence
MPRegen 0.13/turn               j - ring of positive energy

@: no status effects
A: sickness immunity, AC +4, negative energy resistance 1, electricity
resistance, torment resistance 1, petrification resistance
a: Renounce Religion


You were on level 5 of the Dungeon.
You worshipped Vehumet.
Vehumet was noncommittal.
You visited 1 branch of the dungeon, and saw 5 of its levels.

You collected 191 gold pieces.

Inventory:

Hand Weapons
 q - the +5 mace of Poverty (weapon) {speed, rN+ Dex+4}
   (You found it on level 4 of the Dungeon)

   Attacks with this weapon are significantly faster.
   Dex:       It affects your dexterity (+4).
   rN:        It protects you from negative energy.
Armour
 a - a +0 robe (worn)
Jewellery
 g - a +6 ring of intelligence (left hand)
 j - a ring of positive energy (right hand)
Wands
 k - a wand of acid (15)
Scrolls
 d - a scroll of vulnerability
 e - 3 scrolls of amnesia {unknown}
 f - a scroll of teleportation {unknown}
 l - a scroll of fear {unknown}
 r - 2 scrolls of silence {unknown}
 s - 2 scrolls of identify
 u - a scroll of summoning {unknown}
Potions
 b - a potion of magic
 c - a potion of brilliance {unknown}
 h - a potion of might {unknown}
 i - 2 potions of flight
 m - a potion of ambrosia {unknown}
 n - a potion of attraction {unknown}
 o - 2 potions of curing
 p - 4 potions of mutation
 t - a potion of degeneration {unknown}
 v - a potion of resistance {unknown}


   Skills:
 + Level 2.1 Dodging
 - Level 4.0 Stealth
 + Level 3.8 Spellcasting
 - Level 3.0 Conjurations
 - Level 0.7 Transmutations
 - Level 6.0 Earth Magic


You had 9 spell levels left.
You knew the following spells:

 Your Spells              Type           Power      Damage    Failure   Level
a - Sandblast             Erth           64%        2d14      1%          1
b - Stone Arrow           Conj/Erth      50%        3d10      4%          3

Your spell library contained the following spells:

 Spells                   Type           Power      Damage    Failure   Level
 Passwall                 Tmut/Erth      15%        N/A       4%          2
 Ensorcelled Hibernation  Hex/Ice        8%         N/A       16%         2
 Petrify                  Tmut/Erth      19%        N/A       26%         4
 Spider Form              Tmut/Pois      6%         N/A       28%         3
 Ozocubu's Armour         Ice            4%         N/A       32%         3
 Anguish                  Hex/Necr       2%         N/A       71%         4
 Metabolic Englaciation   Hex/Ice        2%         N/A       96%         5
 Simulacrum               Ice/Necr       2%         N/A       100%        6
 Ozocubu's Refrigeration  Ice            2%         4d7       100%        7


Dungeon Overview and Level Annotations

Branches:
Dungeon (5/15)
 Temple: D:4-7

Altars:
Ru
Vehumet

Annotations:
D:2 Natasha


Innate Abilities, Weirdness & Mutations

You are immune to sickness and miasma.
Your stone body is resilient. (AC +4)
You are immune to poison.
You resist negative energy. (rN+)
You are resistant to electric shocks. (rElec)
You are resistant to unholy torment.
You are immune to petrification.


Message History

The blast of sand misses the iguana.
The iguana misses you. The iguana barely misses you.
Casting: Sandblast (safe; 1% risk of failure)
Confirm with . or Enter, or press ? or * to list all spells.
Aiming: Sandblast (safe; 1% risk of failure)
Press: ? - help, Shift-Dir - straight line, f/p - iguana
Aim: an iguana (86% to hit)
The blast of sand hits the iguana!
The iguana is severely wounded.
The iguana bites you!
Casting: Sandblast (safe; 1% risk of failure)
Confirm with . or Enter, or press ? or * to list all spells.
Aiming: Sandblast (safe; 1% risk of failure)
Press: ? - help, Shift-Dir - straight line, f/p - iguana
Aim: an iguana (severely wounded, 86% to hit)
The blast of sand hits the iguana but does no damage.
The iguana is severely wounded.
The iguana barely misses you. The iguana bites you!
Casting: Sandblast (safe; 1% risk of failure)
Confirm with . or Enter, or press ? or * to list all spells.
Aiming: Sandblast (safe; 1% risk of failure)
Press: ? - help, Shift-Dir - straight line, f/p - iguana
Aim: an iguana (severely wounded, 86% to hit)
The blast of sand hits the iguana but does no damage.
The iguana is severely wounded.
The iguana bites you!
* * * LOW HITPOINT WARNING * * *
You feel better. The iguana misses you.
Unknown command.
Casting: Sandblast (safe; 1% risk of failure)
Confirm with . or Enter, or press ? or * to list all spells.
Aiming: Sandblast (safe; 1% risk of failure)
Press: ? - help, Shift-Dir - straight line, f/p - iguana
Aim: an iguana (severely wounded, 86% to hit)
The blast of sand hits the iguana but does no damage.
The iguana is severely wounded.
The iguana bites you!
* * * LOW HITPOINT WARNING * * *
The iguana bites you!
You die...

).##...##.# #.#....#
..##......###......#
#..................#
..........#...##...###
.##..................##
.#...........).###....#
........####...#......#
#......)####......#####
##.............l@##
...... ......### ......
..... .#. #


You could see an iguana.

Vanquished Creatures
  A necrophage (D:5)
  A scorpion (D:5)
  3 jellies
  An orc priest (D:5)
  An iguana (D:5)
  An orc wizard (D:4)
  4 adders
  4 ufetubi
  2 worms
  11 orcs
  3 bats
  2 endoplasms
  3 giant cockroaches
  5 goblins
  7 hobgoblins
  6 jackals
  2 kobolds (D:4)
  6 quokkas
  7 ball pythons
  3 frilled lizards
  8 rats
81 creatures vanquished.

Notes
Turn   | Place    | Note
-------+----------+-------------------------------------------
     0 | D:1      | ExZ the Gargoyle Earth Elementalist began the quest for the
                  | Orb.
     0 | D:1      | Reached XP level 1. HP: 10/10 MP: 3/3
   151 | D:1      | Reached XP level 2. HP: 15/15 MP: 3/5
   617 | D:2      | Noticed Natasha
   636 | D:2      | Found a sacrificial altar of Ru.
   666 | D:2      | Reached XP level 3. HP: 16/19 MP: 1/6
   670 | D:2      | Learned a level 3 spell: Stone Arrow
   925 | D:2      | Reached skill level 4 in Earth Magic
  1479 | D:3      | Reached XP level 4. HP: 24/24 MP: 3/7
  1894 | D:3      | Found a faded altar of an unknown god.
  2127 | D:4      | Reached XP level 5. HP: 28/28 MP: 4/9
  2207 | D:4      | Identified the +5 mace of Poverty {speed, rN+ Dex+4}
  2219 | D:4      | Reached skill level 5 in Earth Magic
  2706 | D:5      | Entered Level 5 of the Dungeon
  2828 | D:5      | Found a radiant altar of Vehumet.
  2837 | D:5      | Reached skill level 1 in Conjurations
  2837 | D:5      | Reached XP level 6. HP: 27/32 MP: 6/10
  3072 | D:5      | Became a worshipper of Vehumet
  3085 | D:5      | Reached skill level 6 in Earth Magic
  3179 | D:5      | Reached XP level 7. HP: 36/36 MP: 4/12
  3352 | D:5      | Slain by an iguana

Illustrated notes

Levels and vault maps discovered:
D:1:      lightli_arrival_windingriver, layout_rooms, corexii_corridor_pit
D:2:      layout_basic, basic_altar, uniq_natasha
D:3:      layout_rooms, dreamdust_ecumenical_altar_statues
D:4:      layout_cave_pools
D:5:      layout_cave_pools, nicolae_vehumet_radiance

Skill      XL: |  1  2  3  4  5  6 |
---------------+-------------------+-----
Stealth        | 3 4 |  4.0
Earth Magic    | 4 5 6 |  6.0
Spellcasting   | 3 |  3.8
Conjurations   | 1 3 |  3.0
Dodging        | 2 |  2.1
Transmutations | |  0.7

Action                   |  1- 3 |  4- 6 |  7- 9 || total
-------------------------+-------+-------+-------++-------
Melee: Dagger            |    14 |       |       ||    14
       Punch             |     1 |       |       ||     1
       Mace              |       |    13 |       ||    13
 Cast: Sandblast         |    45 |    61 |     6 ||   112
       Stone Arrow       |       |     3 |     1 ||     4
  Use: Scroll            |       |     4 |       ||     4
       Potion            |       |       |     1 ||     1
 Stab: Sleeping          |     1 |       |       ||     1
Armor: Robe              |     4 |    18 |       ||    22
Dodge: Dodged            |    18 |    16 |     4 ||    38
